Unix NetHack Version 5.0.0-0 post-release - last build Jul 14 2026 02:55:29 (1809b74e8187c3a3585e283601c3028b46cbbdcb,branch:main).

Game began 2026-07-14 20:10:15, ended 2026-07-14 20:33:20.

Jinnora, neutral female human Wizard

                                                      ---------         -----
    ---------------                       -------    --.......------  ---..<|
    |.............|      -------          |.....|    |..--.........|---.....|
    |+----.--+---.--     |....>|          |.._..|    |..|---------.|....|..--
    |..+.|.-|...|..|  ---|....--  ------  |.....|    |..|     ----.....-|.--
    |..|--..-+--|..|---..|..---   |.+..|  ---+---   --..|  ---|.........|--
    |+--........--.-.....-+---    |.|..|    |.|    --...----..|....|.----
    |................--......-----|.|..|    |.| ----.....|....|..-----
    --..--.--------..|-.......||..+.|---   --.---.............|..| ------
    --..|.........|--|....{...||..|.|  -----...........---....|.-- |....|
    |...|.........|  |.......--|..|.|---...........|...|......|.|  |....|
    ---------------  |--....------|.|-......---...-------....--------+---
     |.......| ------|....|...|..--.|...---..|...-|..|..|-...|-...---.------
     -------.| |....|-...---........|....-|.....--|..|..|-----.........-|..|
      .|...|.| |....+...-|....--..........|-..-----+---.-...............+..|
       |...|.| |....|-...|...-|...........---.............----....{.....-----
  -------|--.| ------|........|..--.........|--------.--+-| --..............|
  |....|.....--------|....|...|---.-.......--  |....|.|...| |.........-----+|
  |+-@@-..{...|......--...|..-.# # ---...---   |....+.|...| -------..-- |...|
  |.|.@|........----.....-----  #    -----     |....|------       ----  |...|
  ---------------  -------                     ------                   -----
Jinnora the Thaumaturge   St:13 Dx:14 Co:15 In:18 Wi:10 Ch:9  Neutral
Dlvl:6  $:134 HP:0(48) Pw:5(47) AC:4  Xp:6/581 T:2998 

Latest messages:
 What do you want to read? [ijltvyC-EGSUX or ?*] ?
 As you read the scroll, it disappears.
 A map coalesces in your mind!
 You swap places with the peaceful watchman.
 You hear a door open.
 In what direction? 2
 This door is locked.
 Unlock it with your key? [ynq] (q) y
 A watchman yells:
 "Hey, stop picking that lock!"
 You stop unlocking the door.
 In what direction? 2
 This door is locked.
 Unlock it with your key? [ynq] (q) y
 You hear someone yell:
 "Halt, thief!  You're under arrest!"
 You hear the shrill sound of guards' whistles.
 You stop unlocking the door.
 The watchman wields a knife!
 The watchman swings her knife.
 The watchman hits!
 In what direction? 6
 The spell hits the watchman!
 The spell misses the watchman.
 The gnome wields a thonged club!
 The gnome secures the tether on the thonged club.
 The watchman wields a short sword!
 The watchman thrusts her knife.
 The watchman just misses!
 In what direction? 6
 The spell misses the watchman.
 The spell hits the watchman!
 You hear crashing rock.
 You hear a door open.
 The watchman thrusts her knife.
 The watchman hits!
 The watchman thrusts her short sword.
 The watchman hits!
 The watchman thrusts her short sword.
 The watchman hits!
 The watchman swings her knife.
 The watchman hits!
 What do you want to zap? [cAT or ?*] ?
 In what direction? 7
 The sleep ray hits the watchman.
 You feel vibrations.
 The watchman thrusts her short sword.
 The watchman hits!
 You die...
 Do you want your possessions identified? [ynq] (y) q

Inventory:
 Coins    ('$')
  $ - 134 gold pieces
 Amulets  ('"')
  Z - a cursed amulet of magical breathing
 Weapons  (')')
  a - a blessed +1 quarterstaff (weapon in hands)
 Armor    ('[')
  r - a blessed +1 pair of low boots (being worn)
  b - a blessed +0 cloak of magic resistance (being worn)
  p - an uncursed +0 studded leather armor (being worn)
 Comestibles  ('%')
  L - an uncursed slime mold
  o - an uncursed food ration
  F - a cursed fortune cookie
 Scrolls  ('?')
  S - an uncursed scroll of amnesia
  E - an uncursed scroll of blank paper
  D - 2 uncursed scrolls of create monster
  l - an uncursed scroll of enchant weapon
  j - an uncursed scroll of gold detection
  v - a blessed scroll of identify
  y - an uncursed scroll of identify
  C - a blessed scroll of light
  G - an uncursed scroll of light
  i - an uncursed scroll of magic mapping
  X - a blessed scroll of scare monster
  U - an uncursed scroll of scare monster
  t - a blessed scroll of teleportation
 Potions  ('!')
  f - a blessed potion of extra healing
  w - an uncursed potion of extra healing
  Y - 2 uncursed potions of healing
  h - an uncursed potion of levitation
  s - a cursed potion of restore ability
  g - an uncursed potion of sleeping
  k - an uncursed potion of water
 Rings    ('=')
  z - a cursed ring of polymorph control
  d - an uncursed ring of shock resistance
  e - an uncursed ring of warning
 Wands    ('/')
  T - an uncursed wand of sleep (0:4)
  c - an uncursed wand of slow monster (0:6)
  A - an uncursed wand of slow monster (0:6)
 Tools    ('(')
  m - an uncursed magic marker (0:19)
  K - a cursed magic whistle
  Q - an uncursed +0 pick-axe
  u - an uncursed skeleton key
  J - a cursed tallow candle
  q - an uncursed towel

Jinnora the Wizard's attributes:

Background:
 You were a Thaumaturge, a level 6 female human Wizard.
 You were neutral, nominally on a mission for Thoth
 who was opposed by Ptah (lawful) and Anhur (chaotic).
 You were right-handed.
 You were in the Gnomish Mines, on level 6.
 You entered the dungeon 2998 turns ago.
 There was a new moon in effect when your adventure ended.
 You had 581 experience points, 59 more were needed to attain level 7.

Basics:
 You had 0 out of 48 hit points.
 You had 5 out of 47 energy points (spell power).
 Your armor class was 4.
 Your wallet contained 134 zorkmids.
 Autopickup was off.

Final Characteristics:
 Your strength was 13 (limit:18/100).
 Your dexterity was 14 (limit:18).
 Your constitution was 15 (limit:18).
 Your intelligence was 18 (limit:18).
 Your wisdom was 10 (limit:18).
 Your charisma was 9 (limit:18).

Final Status:
 You weren't hungry.
 You were unencumbered.
 You were wielding a quarterstaff.
 You had basic skill with quarterstaff and could have enhanced that.

Final Attributes:
 You were piously aligned.
 You were magic-protected.
 You were telepathic.
 You were warded.
 You were unlucky.
 You are dead.

Miscellaneous:
 You didn't encounter any bones levels.
 Total elapsed playing time was 23 minutes and 4 seconds.

Major events:
 Turn
    1: Jinnora the neutral female human Wizard entered the dungeon
  514: entered the Gnomish Mines
  765: attained the rank of Conjurer (level 3)
 2278: attained the rank of Thaumaturge (level 6)
 2953: reached Mine Town
 2998: killed by a watchman

Spells:
 Name                 Level Category     Fail Retention
 force bolt             1   attack         0%   81%-90%
 remove curse           3   clerical      71%  76%-100%
 healing                1   healing        0%  76%-100%
 cure blindness         2   healing       31%  76%-100%

Skills:
 Fighting Skills
   bare handed combat [Unskilled]
   riding             [Unskilled]
 Weapon Skills
   dagger             [Unskilled]
   knife              [Unskilled]
   axe                [Unskilled]
   short sword        [Unskilled]
   club               [Unskilled]
   mace               [Unskilled]
   quarterstaff       [Basic]
   polearms           [Unskilled]
   spear              [Unskilled]
   trident            [Unskilled]
   sling              [Unskilled]
   dart               [Unskilled]
   shuriken           [Unskilled]
 Spellcasting Skills
   attack spells      [Basic]
   healing spells     [Unskilled]
   divination spells  [Unskilled]
   enchantment spells [Basic]
   clerical spells    [Unskilled]
   escape spells      [Unskilled]
   matter spells      [Unskilled]

Voluntary challenges:
 Character rerolling was not enabled.
 You were an atheist.
 You never genocided any monsters.
 You never polymorphed an object.
 You never changed form.
 You used no wishes.
Achievements:
 You entered the Gnomish Mines.
 You attained the rank of Conjurer.
 You entered a shop.
 You attained the rank of Thaumaturge.
 You entered Minetown.

 The Dungeons of Doom: levels 1 to 6
    Level 1:
       A fountain.
    Level 2:
       A fountain.
       Stairs down to The Gnomish Mines.
    Level 3:
       An armor shop.
    Level 4:
       A general store, a fountain.
    Level 5:
       Many fountains.
       Oracle of Delphi.
    Level 6:
 The Gnomish Mines: levels 3 to 6
    Level 3:
    Level 4:
    Level 6: <- You were here.
       Many shops, a temple and an altar, many fountains.
       Final resting place for
          you, killed by a watchman.


Vanquished creatures:
  a small mimic
  a leprechaun
  a bugbear
 an imp
  a mountain nymph
  a shrieker
  3 gnome leaders
  a gnomish wizard
  a gray ooze
  a little dog
  4 floating eyes
  a kitten
  4 dwarves
  2 homunculi
 10 hill orcs
  3 orc zombies
  a coyote
  a gas spore
  3 hobbits
  2 hobgoblins
  a giant rat
  a red mold
 14 gnomes
  a gnome zombie
  3 geckos
  5 jackals
  2 foxes
  2 kobolds
  2 goblins
  a sewer rat
  4 grid bugs
  2 lichens
  3 kobold zombies
  7 newts
91 creatures vanquished.

No species were genocided or became extinct.

Game over:
                       ----------
                      /          \
                     /    REST    \
                    /      IN      \
                   /     PEACE      \
                  /                  \
                  |     Jinnora      |
                  |      134 Au      |
                  |   killed by a    |
                  |     watchman     |
                  |                  |
                  |                  |
                  |       2026       |
                 *|     *  *  *      | *
        _________)/\\_//(\/(/\)/\//\/|_)_______

Goodbye Jinnora the Wizard...

You died in The Gnomish Mines on dungeon level 6 with 2705 points,
and 134 pieces of gold, after 2998 moves.
You were level 6 with a maximum of 48 hit points when you died.

